 Dungeon Crawl Stone Soup version 0.29-a0-284-gf9362112df (webtiles) character file.

Game seed: 1004915247145355991

81 sammy202020 the Skirmisher (level 4, -5/54 HPs)
             Began as a Demonspawn Berserker on Mar 22, 2022.
             Was a Believer of Trog.
             Slain by a gnoll
             ... wielding a +0 halberd
              (8 damage)
             ... on level 3 of the Dungeon.
             The game lasted 00:02:49 (1900 turns).

sammy202020 the Skirmisher (Demonspawn Berserker)   Turns: 1900, Time: 00:02:49

Health: -5/54      AC: 22    Str: 18    XL:     4   Next: 20%
Magic:  0/4        EV:  2    Int: 10    God:    Trog [**....]
Gold:   77         SH:  0    Dex: 12    Spells: 3/3 levels left

rFire   . . .      SeeInvis .   a - +0 hand axe
rCold   . . .      Faith    .   (no shield)
rNeg    . . .      Spirit   +   (body armour currently unavailable)
rPois   +          Reflect  .   (helmet currently unavailable)
rElec   .          Harm     .   (cloak currently unavailable)
rCorr   .          Rampage  .   (gloves currently unavailable)
Will    ++...      NoTele   +   (boots currently unavailable)
Stlth   +.........              (no amulet)
HPRegen 1.18/turn               (no ring)
MPRegen 0.18/turn               (no ring)

@: tree-form, strong-willed (expiring), regenerating (expiring)
A: stationary, stasis, torment immunity, boosted hp, magic shield, magic
regeneration
a: Renounce Religion, Berserk, Trog's Hand


You were on level 3 of the Dungeon.
You worshipped Trog.
Trog was pleased with you.
You were a tree.
You visited 1 branch of the dungeon, and saw 3 of its levels.

You collected 77 gold pieces.

Inventory:

Hand Weapons
 a - a +0 hand axe (weapon)
 n - a +0 mace
Armour
 c - a +0 plate armour (melded)
 i - a +2 pair of boots (melded)
Jewellery
 f - a ring of fire
Scrolls
 g - a scroll of noise
Potions
 b - a potion of lignification
 d - 2 potions of brilliance {unknown}
 e - a potion of heal wounds {unknown}
 h - 2 potions of might {unknown}
 j - a potion of resistance {unknown}
 k - 2 potions of degeneration {unknown}
 m - a potion of attraction {unknown}


   Skills:
 * Level 3.6 Fighting
 * Level 3.3 Axes
 * Level 2.7 Armour
 + Level 2.1 Dodging


You had 3 spell levels left.
You didn't know any spells.
Your spell library was empty.

Dungeon Overview and Level Annotations

Branches:
Dungeon (3/15)

Altars:
Gozag
Hepliaklqana
Sif Muna

Annotations:
D:3 Terence


Innate Abilities, Weirdness & Mutations

You are a tree.
Your roots penetrate the ground, keeping you stationary.
You cannot be teleported.
You are immune to unholy pain and torment.
Your maximum health is greatly increased.
Your equipment is partially melded.
When hurt, damage is shared between your health and your magic reserves.
You regenerate magic rapidly.


Message History

Terence is lightly wounded.
You feel sick.
The gnoll hits you from afar with a +0 halberd!
* * * LOW HITPOINT WARNING * * *
Terence hits you with a +0 short sword.
* * * LOW HITPOINT WARNING * * *
It was a potion of lignification.
You turn into a tree.
Your +2 pair of boots melds into your body.
Your +0 plate armour melds into your body.
Your roots penetrate the ground.
You feel sick. The gnoll hits you but does no damage.
Terence hits you with a +0 short sword.
* * * LOW HITPOINT WARNING * * *
You hit Terence.
Terence is moderately wounded.
You feel sick.
The gnoll hits you from afar with a +0 halberd.
* * * LOW HITPOINT WARNING * * *
Terence hits you but does no damage.
You hit Terence.
Terence is heavily wounded.
You feel the effects of Trog's Hand fading.
You feel sick.
You are no longer poisoned.
The gnoll hits you but does no damage.
Terence asks, "Do you want it fast or slow?"
Terence hits you but does no damage.
You hit Terence but do no damage.
Terence is heavily wounded.
The gnoll hits you but does no damage. Terence hits you but does no damage.
You closely miss Terence.
Terence is heavily wounded.
The gnoll hits you from afar with a +0 halberd!
* * * LOW HITPOINT WARNING * * *
Terence hits you with a +0 short sword.
* * * LOW HITPOINT WARNING * * *
The gnoll hits you but does no damage. Terence hits you but does no damage.
You closely miss Terence.
Terence is heavily wounded.
The gnoll hits you from afar with a +0 halberd!
You die...

... :.## #..##
#... r.
##..###... #.
#...###.r.....
#..
#......gKg.#
..##.._..##@#
.....8..##♣#
#..._..##.#
#......##$#
#...##..#
##†.....##
#.....###
#.....#.#.##
#....##..#..##
......
#.###..#


You could see Terence, 2 gnolls, a quokka and a kobold.

Vanquished Creatures
  4 adders (D:2)
  2 dart slugs
  6 ball pythons
  3 bats
  3 endoplasms
  2 giant cockroaches (D:1)
  5 goblins
  3 hobgoblins (D:1)
  3 quokkas
  2 frilled lizards
  3 kobolds
  3 rats
39 creatures vanquished.

Notes
Turn   | Place    | Note
-------+----------+-------------------------------------------
     0 | D:1      | sammy202020 the Demonspawn Berserker began the quest for
                  | the Orb.
     0 | D:1      | Reached XP level 1. HP: 18/18 MP: 1/1
   344 | D:1      | Found a faded altar of an unknown god.
   356 | D:1      | Gained mutation: You regenerate magic rapidly. [demonic
                  | ancestry]
   356 | D:1      | Reached XP level 2. HP: 23/24 MP: 2/2
   775 | D:1      | Reached ** piety under Trog
   803 | D:1      | Gained mutation: When hurt, damage is shared between your
                  | health and your magic reserves. [demonic ancestry]
   803 | D:1      | Reached XP level 3. HP: 26/29 MP: 3/3
   895 | D:2      | Found a hazy altar of Hepliaklqana.
  1514 | D:2      | Reached XP level 4. HP: 32/36 MP: 4/4
  1862 | D:3      | Found a shimmering blue altar of Sif Muna.
  1866 | D:3      | Found an opulent altar of Gozag.
  1883 | D:3      | Noticed Terence
  1899 | D:3      | HP: 1/54 [Terence/+0 short sword (3)]
  1900 | D:3      | Slain by a gnoll

Illustrated notes

Levels and vault maps discovered:
D:1:      minmay_arrival_three_doors, layout_basic,
          ebering_ecumenical_altar_mist, minivault_24
D:2:      layout_basic, basic_altar
D:3:      layout_rooms, chequers_temple_overflow_statue_of_worship, uniq_robin,
          uniq_terence, uniq_ijyb

Skill      XL: |  1  2 |
---------------+-------+-----
Armour         | 2 |  2.7
Axes           | 3 |  3.3
Dodging        | 2 |  2.1
Fighting       | |  3.6

Action                   |  1- 3 |  4- 6 || total
-------------------------+-------+-------++-------
Melee: Hand axe          |   134 |    19 ||   153
Invok: Trog's Hand       |       |     1 ||     1
  Use: Scroll            |       |     4 ||     4
       Potion            |       |     1 ||     1
Armor: Plate armour      |   119 |     8 ||   127
       Skin              |       |     8 ||     8
Dodge: Dodged            |    47 |     4 ||    51

Table legend: (Time is in decaauts)
 A = Elapsed time spent in this place.
 B = Non-inter-level travel time spent in this place.
 C = Inter-level travel time spent in this place.
 D = Time resting spent in this place.
 E = Time spent auto-exploring this place.
 F = Levels seen in this place.
 G = Mean time per level.
                   A        B        C        D        E       F      G
               +--------+--------+--------+--------+--------+-----+--------+
         Total |   1922 |   1922 |      0 |      0 |   1428 |   3 |  640.7 |
       Dungeon |   1922 |   1922 |      0 |      0 |   1428 |   3 |  640.7 |
               +--------+--------+--------+--------+--------+-----+--------+

Top non-repeatable levels by time:
     D:2: 958 daAuts
     D:1: 904 daAuts
     D:3: 58 daAuts
